 Dungeon Crawl Stone Soup version 0.31-a0-1009-g454b1f1e0a (webtiles) character file.

Game seed: 1955549847979120973

35 Gynju the Trooper (level 3, -1/34 HPs)
             Began as a Minotaur Fighter on Nov 15, 2023.
             Slain by Sigmund
             ... wielding a +1 vampiric scythe
              (4 damage)
             ... on level 2 of the Dungeon on Nov 16, 2023.
             The game lasted 00:01:33 (731 turns).

Gynju the Trooper (Minotaur Fighter)                 Turns: 731, Time: 00:01:34

Health: -1/34      AC:  6    Str: 22    XL:     3   Next: 16%
Magic:  2/2        EV:  9    Int:  5    God:
Gold:   76         SH:  0    Dex:  9    Spells: 2/2 levels left

rFire   + . .        a - +0 flail
rCold   + . .        c - +0 buckler
rNeg    . . .        b - +0 scale mail
rPois   +            (helmet restricted)
rElec   +            (no cloak)
rCorr   +            (no gloves)
SInv    .            (no boots)
Will    .....        (no amulet) Stlth
                     (no ring)
HPRegen 0.25/turn    (no ring)
MPRegen 0.08/turn

%: no passive effects
@: confused, mighty, resistant
A: horns 2, retaliatory headbutt
a: no special abilities


You were on level 2 of the Dungeon.
You visited 1 branch of the dungeon, and saw 2 of its levels.

You collected 76 gold pieces.

Inventory:

Hand Weapons
 a - a +0 flail (weapon)
Armour
 b - a +0 scale mail (worn)
 c - a +0 buckler (worn)
Jewellery
 e - a ring of poison resistance
Potions
 f - 2 potions of resistance


   Skills:
 + Level 4.5 Fighting
 + Level 3.6 Maces & Flails
 - Level 3.6 Armour
 - Level 3.6 Shields


You had 2 spell levels left.
You didn't know any spells.
Your spell library was empty.

Dungeon Overview and Level Annotations

Branches:
Dungeon (2/15)

Altars:

Annotations:
D:2 Sigmund


Innate Abilities, Weirdness & Mutations

You have a pair of horns on your head.
You reflexively headbutt those who attack you in melee.


Message History

You kill the kobold!
No target in view!
No target in view!
A goblin is nearby!
A goblin is nearby!
You sock the goblin!
You kill the goblin!
No target in view!
No target in view!
You now have 76 gold pieces (gained 14).
You see here a +0 whip.
Sigmund the Dreaded comes into view.
He is wielding a +1 vampiric scythe.
Sigmund shouts!
Sigmund hits you from afar with a +1 vampiric scythe!
Sigmund hits you with a +1 vampiric scythe.
You feel very mighty all of a sudden.
It was a potion of resistance.
You feel protected.
Sigmund gestures wildly while chanting.
Sigmund flickers and vanishes!
Deactivating autopickup; reactivate with Ctrl-A.
It was a potion of curing.
You feel better. Something hits you!
You barely miss something. You block something's attack.
You miss something. Something hits you but does no damage.
You barely miss something. You closely miss something.
Your headbutt misses something. Something hits you.
You barely miss something. Something hits you but does no damage.
You sock something! Something hits you.
You closely miss something. Your headbutt misses something. Something hits you!
* * * LOW HITPOINT WARNING * * *
You hit something. Your headbutt misses something. You barely miss something.
You hear some strange, mumbled words.
You are confused.
Something hits you.
* * * LOW HITPOINT WARNING * * *
You bump into the rock wall.
Something hits you.
* * * LOW HITPOINT WARNING * * *
Something hits you.
You die...

#.####..######
#....#........
#####.##.#..######
#..............@......#
#####.##.#..######....#.#
#.##.#............#.#
#.##.#.#..............
#.####{######.........
#....@......#.....#...
######.####.#.........
#................
........#...#.....
##........).......
#............#...
#.#.......#.#.# ..
..........#.#.#...
.#####.#.#)......


There were no monsters in sight!

Vanquished Creatures
  An adder (D:2)
  A dart slug (D:1)
  An endoplasm (D:2)
  2 goblins (D:2)
  2 hobgoblins (D:1)
  4 jackals
  A quokka (D:1)
  3 ball pythons
  2 bats
  3 kobolds
  2 rats
22 creatures vanquished.

Notes
Turn   | Place    | Note
-------+----------+-------------------------------------------
     0 | D:1      | Gynju the Minotaur Fighter began the quest for the Orb.
     0 | D:1      | Reached XP level 1. HP: 19/19 MP: 0/0
   281 | D:1      | Reached skill level 4 in Fighting
   483 | D:1      | Reached XP level 2. HP: 16/27 MP: 1/1
   622 | D:2      | Reached XP level 3. HP: 34/34 MP: 2/2
   704 | D:2      | Noticed Sigmund
   731 | D:2      | Slain by Sigmund

Illustrated notes

Levels and vault maps discovered:
D:1:      dpeg_arrival_arbitrary_b, layout_rooms, minmay_misc_feat_tower
D:2:      layout_basic, minmay_shallow_snake_nest, uniq_sigmund

Skill      XL: |  1 |
---------------+----+-----
Fighting       | 4 |  4.5
Maces & Flails | 3 |  3.6
Armour         | |  3.6
Shields        | |  3.6

Action                     || total
---------------------------++-------
  Melee: Flail             ||    65
         Headbutt          ||     5
    Use: Potion            ||     3
 Armour: Scale mail        ||    71
  Dodge: Dodged            ||    33
  Block: Buckler           ||    14

Table legend: (Time is in decaauts)
 A = Elapsed time spent in this place.
 B = Non-inter-level travel time spent in this place.
 C = Inter-level travel time spent in this place.
 D = Time resting spent in this place.
 E = Time spent auto-exploring this place.
 F = Levels seen in this place.
 G = Mean time per level.
                   A        B        C        D        E       F      G
               +--------+--------+--------+--------+--------+-----+--------+
         Total |    749 |    739 |     10 |     45 |    521 |   2 |  374.5 |
       Dungeon |    749 |    739 |     10 |     45 |    521 |   2 |  374.5 |
               +--------+--------+--------+--------+--------+-----+--------+

Top non-repeatable levels by time:
     D:1: 546 daAuts
     D:2: 203 daAuts
